 Dungeon Crawl Stone Soup version 0.31-a0-182-gc5ef74bbde (webtiles) character file.

Game seed: 8413140302217984425

11 qw the Shield-Bearer (level 2, -3/19 HPs)
             Began as a Gargoyle Fighter on June 20, 2023.
             Slain by Terence
             ... wielding a +0 flail
              (6 damage)
             ... on level 2 of the Dungeon.
             The game lasted 00:00:15 (957 turns).

qw the Shield-Bearer (Gargoyle Fighter)              Turns: 957, Time: 00:00:15

Health: -3/19      AC:  9    Str: 19    XL:     2   Next: 25%
Magic:  2/2        EV:  9    Int:  8    God:
Gold:   62         SH:  4    Dex:  9    Spells: 1/1 levels left

rFire   . . .        Y - +1 war axe
rCold   . . .        c - +0 buckler
rNeg    + . .        b - +0 scale mail
rPois   inf          (no helmet)
rElec   +            (no cloak)
rCorr   .            (no gloves)
SInv    .            (no boots)
Will    .....        (no amulet) Stlth
                     (no ring)
HPRegen 0.23/turn    (no ring)
MPRegen 0.08/turn

%: no passive effects
@: no status effects
A: sickness immunity, AC +2, negative energy resistance 1, electricity
resistance, torment resistance 1, petrification resistance
a: no special abilities


You were on level 2 of the Dungeon.
You visited 1 branch of the dungeon, and saw 2 of its levels.

You collected 62 gold pieces.


Innate Abilities, Weirdness & Mutations

You are immune to sickness and miasma.
Your stone body is resilient. (AC +2)
You are immune to poison.
You resist negative energy. (rN+)
You are resistant to electric shocks. (rElec)
You are resistant to unholy torment.
You are immune to petrification.


   Skills:
 - Level 3.2 Fighting
 + Level 2.6 Axes
 - Level 3.2 Armour
 - Level 3.2 Shields


You had one spell level left.
You didn't know any spells.
Your spell library was empty.

Inventory:

Hand Weapons
 e - a +0 club
 Y - a +1 war axe (weapon)
Missiles
 j - a javelin (quivered)
Armour
 a - a +0 chain mail
 b - a +0 scale mail (worn)
 c - a +0 buckler (worn)
Potions
 d - a potion of might

Dungeon Overview and Level Annotations

Branches:
Dungeon (2/15)

Altars:

Annotations:
D:2 Terence


Message History

You block the kobold's attack.
You slash the kobold!
You kill the kobold!
You start waiting.
Done waiting.
Things that are here:
a +0 short sword; 3 stones; a kobold corpse
Found 8 stones.
There is a stone staircase leading down here.
Found an escape hatch in the floor.
a - a +0 chain mail A giant cockroach comes into view.
You throw a javelin.
The javelin closely misses the giant cockroach.
You throw a javelin.
The javelin closely misses the giant cockroach.
You slash the giant cockroach!
You kill the giant cockroach!
j - 3 javelins (gained 1)
j - 4 javelins (gained 1)
Found a robe.
Terence the Incautious comes into view.
He is wielding a +0 flail.
Terence shouts!
Enter note: You throw a javelin.
The javelin pierces through Terence but does no damage.
You throw a javelin.
The javelin pierces through Terence but does no damage.
You throw a javelin. The javelin completely misses Terence.
You barely miss Terence. Terence closely misses you. x2
You barely miss Terence. Terence hits you with a +0 flail!
Ouch! That really hurt!
You barely miss Terence. Terence hits you with a +0 flail.
You hit Terence.
Terence is moderately wounded.
Terence hits you with a +0 flail. x2
You die...

##### .....
##.######......
........#......
#@@...... #.#......
#.# ..... ## #.#
...( ...#####.##
### ... #........#
..# ######...#.#
>..#####..........#
..##...#.#####.#.##


You could see Terence.

Vanquished Creatures
  A dart slug (D:1)
  An endoplasm (D:1)
  A giant cockroach (D:2)
  A goblin (D:1)
  A hobgoblin (D:1)
  2 bats (D:1)
  A kobold (D:2)
  A rat (D:1)
9 creatures vanquished.

Notes
Turn   | Place    | Note
-------+----------+-------------------------------------------
     0 | D:1      | qw the Gargoyle Fighter began the quest for the Orb.
     0 | D:1      | Reached XP level 1. HP: 14/14 MP: 1/1
     0 | D:1      | 0 ||| qw: Version: 0.3-a-9-g12657ce
     0 | D:1      | 0 ||| qw: Game counter: 1454
     0 | D:1      | 0 ||| qw: Always use a shield: true
     0 | D:1      | 0 ||| qw: God list: Okawaru
     0 | D:1      | 0 ||| qw: Allow faded altars: false
     0 | D:1      | 0 ||| qw: Do Orc after D:15 true
     0 | D:1      | 0 ||| qw: Do second Lair branch before Depths: true
     0 | D:1      | 0 ||| qw: Lair rune preference: random
     0 | D:1      | 0 ||| qw: Plans: Normal, Zot:1-4, Slime:5, God:TSO, Crypt,
                  | Tomb, Abyss, Pan, Hells, Win
     0 | D:1      | 0 ||| PLANNING D:1-11
   497 | D:1      | Reached XP level 2. HP: 19/19 MP: 2/2
   708 | D:1      | 708 ||| DROPPING +6 ring of intelligence.
   709 | D:1      | 709 ||| READING scroll labelled ROCROK UMATH.
   710 | D:1      | 710 ||| READING scroll labelled BIMMIQY FYROIS.
   711 | D:1      | 711 ||| READING scroll labelled IPRENI BEREY.
   712 | D:1      | 712 ||| READING scroll labelled EWUFFI JIOGRAR.
   747 | D:2      | 747 ||| Stepping ~*~*~tactically~*~*~ (hiding).
   748 | D:2      | 748 ||| Stepping ~*~*~tactically~*~*~ (hiding).
   749 | D:2      | 749 ||| Stepping ~*~*~tactically~*~*~ (hiding).
   950 | D:2      | Noticed Terence
   956 | D:2      | HP: 4/19 [Terence/+0 flail (5)]
   957 | D:2      | Slain by Terence

Levels and vault maps discovered:
D:1:      elethiomel_arrival_infinity_welcomes_careful_drivers,
          layout_loops_cross
D:2:      layout_loops_cross, basic_altar, uniq_jessica, uniq_terence,
          uniq_robin

Skill      XL: |  1 |
---------------+----+-----
Axes           | 2 |  2.6
Fighting       | |  3.2
Armour         | |  3.2
Shields        | |  3.2

Action                     || total
---------------------------++-------
  Melee: War axe           ||    26
  Throw: Javelin           ||     9
    Use: Scroll            ||     4
 Armour: Scale mail        ||    12
  Dodge: Dodged            ||    12
  Block: Buckler           ||     5

Table legend:
 A = Non-vault XP
 B = Vault XP
 C = Vault XP percentage of total XP
 D = Non-vault monster count
 E = Vault monster count
 F = Vault count percentage of total count
                 A         B        C        D         E       F
            +---------+---------+-------+---------+---------+-------
      Total |      16 |       0 |   0.0 |       9 |       0 |   0.0
            +---------+---------+-------+---------+---------+-------
        D:1 |      13 |       0 |   0.0 |       7 |       0 |   0.0
        D:2 |       3 |       0 |   0.0 |       2 |       0 |   0.0
            +---------+---------+-------+---------+---------+-------
